 Dungeon Crawl Stone Soup version 0.26.0-18-gc5c842f807 (webtiles) character file.

Game seed: 15513772176581708385

1702 kaeus the Firebug (level 9, -6/45 HPs)
             Began as a Gargoyle Fire Elementalist on Jan 24, 2021.
             Was an Initiate of the Shining One.
             Mangled by Duvessa
             ... wielding a +2 vampiric short sword
              (7 damage)
             ... on level 6 of the Dungeon.
             The game lasted 00:09:01 (7692 turns).

kaeus the Firebug (Gargoyle Fire Elementalist)      Turns: 7692, Time: 00:09:02

Health: -6/45      AC: 13    Str:  9 (11) XL:     9   Next: 3%
Magic:  11/16      EV: 14    Int: 19 (20) God:    the Shining One [......]
Gold:   344        SH:  3    Dex:  8 (10) Spells: 12/17 levels left

rFire    + . .     SeeInvis .   b - +1 flail (protect)
rCold    . . .     Faith    .   k - +1 buckler
rNeg     + . .     Spirit   .   g - +4 leather armour of Hangman {rF+}
rPois    ∞         Reflect  .   (no helmet)
rElec    +         Harm     .   (no cloak)
rCorr    .         Rampage  .   (no gloves)
Will     .....                  (no boots)
Stlth    +.........             (no amulet)
HPRegen  0.15/turn              f - +4 ring of evasion
MPRegen  0.15/turn              (no ring)

@: glowing
A: negative energy resistance 1, electricity resistance, unbreathing,
petrification resistance, miasma immunity, AC +6
a: Renounce Religion


You were on level 6 of the Dungeon.
You worshipped the Shining One.
The Shining One was noncommittal.
You visited 2 branches of the dungeon, and saw 7 of its levels.

You collected 344 gold pieces.

Inventory:

Hand Weapons
 b - a +1 flail of protection (weapon)
Armour
 g - the +4 leather armour of Hangman (worn) {rF+}
   (You took it off an orc on level 6 of the Dungeon)

   It protects you from fire.
 k - a +1 buckler (worn)
Jewellery
 f - a +4 ring of evasion (left hand)
Wands
 s - a wand of paralysis (10)
 t - a wand of flame (44)
Scrolls
 c - 5 scrolls of identify
 e - 3 scrolls of teleportation
 n - a scroll of remove curse
 o - 2 scrolls of enchant weapon {unknown}
 r - a scroll of fog {unknown}
Potions
 a - a potion of degeneration
 h - a potion of mutation {unknown}
 i - a potion of magic {unknown}
 j - a potion of flight {unknown}
 l - 2 potions of might {unknown}
 m - 2 potions of curing {unknown}
 p - a potion of ambrosia {unknown}


   Skills:
 - Level 1.5 Dodging
 - Level 2.1 Stealth
 + Level 4.9 Spellcasting
 * Level 7.7 Conjurations
 * Level 7.7 Fire Magic


You had 12 spell levels left.
You knew the following spells:

 Your Spells              Type           Power        Failure   Level
a - Foxfire               Conj/Fire      100%         1%          1
b - Sticky Flame          Conj/Fire      34%          12%         4

Your spell library contained the following spells:

 Spells                   Type           Power        Failure   Level
 Conjure Flame            Conj/Fire      34%          3%          3
 Dazzling Flash           Conj/Hex       38%          19%         3
 Inner Flame              Hex/Fire       19%          19%         3
 Corona                   Hex            4%           30%         1
 Fireball                 Conj/Fire      17%          32%         5
 Ensorcelled Hibernation  Hex/Ice        8%           41%         2
 Confusing Touch          Hex            4%           65%         3
 Tukima's Dance           Hex            4%           65%         3


Dungeon Overview and Level Annotations

Branches:
Dungeon (6/15)             Temple (1/1) D:5

Altars:
Ashenzari
Cheibriados
Dithmenos
Elyvilon
Fedhas
Gozag
Hepliaklqana
Kikubaaqudgha
Makhleb
Nemelex Xobeh
Okawaru
Ru
Uskayaw
Wu Jian
Xom
Yredelemnul
Zin
The Shining One

Annotations:
D:6 Dowan, Duvessa


Innate Abilities, Weirdness & Mutations

You are resistant to torment.
Your stone body is resilient. (AC +6)
You are immune to poison.
You resist negative energy. (rN+)
You are resistant to electric shocks. (rElec)
You can survive without breathing.
You are immune to petrification.
You are immune to miasma.


Message History

Confirm with . or Enter, or press ? or * to list all spells.
You conjure some foxfire!
Duvessa closely misses you.
Dowan zaps a wand.
You are blasted!
You take 18 damage, and have 27/45 hp.
MASSIVE DAMAGE!!
You now have 10/16 mp.
You barely miss Dowan.
The foxfire hits Duvessa!
Duvessa is severely wounded.
The foxfire hits Duvessa.
Duvessa is almost dead.
You block Duvessa's attack. Dowan hits you but does no damage.
Dowan casts a spell at you. The puff of flame hits you. You resist.
You take 5 damage, and have 23/45 hp.
Dowan zaps a wand.
You are blasted!
* * * LOW HITPOINT WARNING * * *
You take 22 damage, and have 1/45 hp.
MASSIVE DAMAGE!!
It was a potion of degeneration.
There was something very wrong with that liquid.
You feel weakened.
You feel dopey.
You feel clumsy.
Duvessa hits you with a +2 vampiric short sword!
You die...

### #.## #.#
##.# #.## #.#
##.# #..# #.##
##@# #####
###.e##
......#.....#
.......e.#..#
.............#
.............#
..............#
..............#
........<....<.


You could see Duvessa and Dowan.

Vanquished Creatures
  A sky beast (D:5)
  A black bear (D:5)
  An orc warrior (D:6)
  An eye of draining (D:4)
  A necrophage (D:5)
  6 ogres
  A bullfrog (D:4)
  A water moccasin skeleton (D:6)
  A scorpion (D:4)
  4 hounds
  A jelly (D:5)
  3 orc priests (D:5)
  A centaur skeleton (D:5)
  4 orc wizards
  An iguana (D:5)
  7 adders
  An ufetubus (D:5)
  4 worms
  A dart slug (D:2)
  4 leopard geckos
  27 orcs
  5 bats
  3 giant cockroaches
  4 goblins
  7 hobgoblins
  9 jackals
  5 kobolds
  3 quokkas
  2 frilled lizards
  5 rats
115 creatures vanquished.

Vanquished Creatures (others)
  434 foxfires
434 creatures vanquished.

Grand Total: 549 creatures vanquished

Notes
Turn   | Place    | Note
-------+----------+-------------------------------------------
     0 | D:1      | kaeus the Gargoyle Fire Elementalist began the quest for
                  | the Orb.
     0 | D:1      | Reached XP level 1. HP: 10/10 MP: 3/3
   391 | D:1      | Reached XP level 2. HP: 15/15 MP: 0/5
  1017 | D:2      | Reached XP level 3. HP: 18/19 MP: 0/6
  1476 | D:2      | Found a basalt altar of Yredelemnul.
  1716 | D:2      | Found a burning altar of Makhleb.
  1998 | D:2      | Found a hazy altar of Hepliaklqana.
  1999 | D:2      | Found a shadowy altar of Dithmenos.
  1999 | D:2      | Noticed a shadow
  2237 | D:3      | Reached XP level 4. HP: 24/24 MP: 1/7
  2242 | D:3      | Learned a level 4 spell: Sticky Flame
  4015 | D:4      | Noticed a bullfrog
  4021 | D:4      | Killed a bullfrog
  4022 | D:4      | Reached XP level 5. HP: 28/28 MP: 4/9
  4153 | D:4      | Reached XP level 6. HP: 32/32 MP: 3/10
  4204 | D:4      | Noticed an eye of draining
  4219 | D:4      | Killed an eye of draining
  4220 | D:4      | Reached skill level 5 in Fire Magic
  4685 | D:4      | Reached XP level 7. HP: 36/36 MP: 5/12
  4744 | D:4      | Reached skill level 5 in Conjurations
  5112 | D:5      | Entered Level 5 of the Dungeon
  5810 | D:5      | Reached XP level 8. HP: 41/41 MP: 8/14
  6015 | D:5      | Found a staircase to the Ecumenical Temple.
  6025 | Temple   | Entered the Ecumenical Temple
  6218 | Temple   | Became a worshipper of the Shining One
  7208 | D:6      | Identified the +4 leather armour of Hangman {rF+}
  7351 | D:6      | Found a sparkling altar of Nemelex Xobeh.
  7512 | D:6      | Reached XP level 9. HP: 25/45 MP: 3/16
  7678 | D:6      | Noticed Duvessa
  7678 | D:6      | Noticed Dowan
  7690 | D:6      | HP: 1/45 [disintegration (22)]
  7692 | D:6      | Mangled by Duvessa

Illustrated notes

Levels and vault maps discovered:
D:1:      ebering_trefoil_twist, layout_basic
D:2:      layout_loops_ring, riverfiend_overflow_shadow_ancestor,
          overflow_temple_1_default, lemuel_crystal_altar, minivault_19
D:3:      wander_river, layout_basic
D:4:      layout_gridville
D:5:      layout_cave_pods, temple_fountains
D:6:      layout_cave_pods, overflow_temple_1_default,
          nicolae_ru_sacrificial_ziggurat, uniq_duvessa, uniq_sigmund
Temple:   nicolae_temple_figure_eight

Skill      XL: |  1  2  3  4  5  6  7  8 |
---------------+-------------------------+-----
Conjurations   | 2 3 4 6 7 |  7.7
Fire Magic     | 4 5 6 7 |  7.7
Spellcasting   | 3 4 |  4.9
Dodging        | |  1.5
Stealth        | |  2.1

Action                   |  1- 3 |  4- 6 |  7- 9 || total
-------------------------+-------+-------+-------++-------
Melee: Hand axe          |    24 |    85 |       ||   109
       Unarmed           |     5 |       |       ||     5
       Flail             |       |       |   124 ||   124
 Cast: Foxfire           |    60 |    79 |   141 ||   280
  Use: Scroll            |       |     3 |     2 ||     5
       Potion            |       |       |     2 ||     2
Armor: Robe              |     3 |       |       ||     3
       Leather armour    |    10 |    28 |    73 ||   111
       Skin              |       |       |     2 ||     2
Dodge: Dodged            |    19 |    45 |   108 ||   172
Block: Buckler           |     3 |    12 |    37 ||    52
